 Dungeon Crawl Stone Soup version 0.30.0-29-ga12c61a403 (webtiles) character file.

Game seed: 12225285244662144836

29431 MacCMillion the Frost Mage (level 13, 0/87 (99) HPs)
             Began as a Gnoll Ice Elementalist on June 19, 2023.
             Was the Champion of Cheibriados.
             Slain by a ghost crab (12 damage)
             ... on level 3 of the Lair of Beasts.
             The game lasted 00:40:57 (22183 turns).

MacCMillion the Frost Mage (GnIE)                  Turns: 22183, Time: 00:40:58

HP:   0/87 (99)     AC: 27    Str: 22    XL:     13   Next: 45%
MP:   36/36         EV: 16    Int: 33    God:    Cheibriados [******]
Gold: 740           SH:  0    Dex: 30    Spells: 22/32 levels left

rFire   . . .        j - +6 dire flail "Fuicaiff" {venom, rElec rPois MP+9 Stlth+}
rCold   + + .        (shield currently unavailable)
rNeg    . . .        P - +0 shadow dragon scales
rPois   +            R - +0 helmet
rElec   +            E - +0 cloak
rCorr   .            V - +1 pair of gloves
SInv    .            Y - +2 pair of boots "Nallimoi" {rC+ Stlth+}
Will    .....        F - amulet of magic regeneration
Stlth   ++++         k - +4 ring of protection
HPRegen 0.34/turn    s - ring of protection from cold
MPRegen 0.65/turn

%: no passive effects
@: heavily drained, very slow
A: fangs 1, strong nose, distributed training
a: Renounce Religion, Bend Time, Temporal Distortion, Slouch, Step From Time


You were on level 3 of the Lair of Beasts.
You worshipped Cheibriados.
Cheibriados was exalted by your worship.
You visited 3 branches of the dungeon, and saw 15 of its levels.
You also visited: Sewer.

You collected 795 gold pieces.
You spent 55 gold pieces at shops.

Inventory:

Hand Weapons
 j - the +6 dire flail "Fuicaiff" (weapon) {venom, rElec rPois MP+9 Stlth+}
   (You found it on level 10 of the Dungeon)

   rElec:     It insulates you from electricity.
   rPois:     It protects you from poison.
   MP:        It affects your magic capacity (+9).
   Stlth:     It makes you more stealthy.
 y - a +4 heavy spear
Missiles
 h - 9 boomerangs
 w - 20 poisoned darts (quivered)
 z - 6 atropa-tipped darts
 A - 3 throwing nets
 Q - 3 curare-tipped darts
Armour
 E - a +0 cloak (worn)
 L - a +2 robe of willpower
 P - +0 shadow dragon scales (worn)
 R - a +0 helmet (worn)
 V - a +1 pair of gloves (worn)
 X - +0 steam dragon scales
 Y - the +2 pair of boots "Nallimoi" (worn) {rC+ Stlth+}
   (You found it on level 9 of the Dungeon)

   rC:        It protects you from cold.
   Stlth:     It makes you more stealthy.
Jewellery
 k - a +4 ring of protection (left hand)
 q - a ring of magical power
 s - a ring of protection from cold (right hand)
 F - an amulet of magic regeneration (around neck)
 M - a +6 ring of dexterity
 O - a ring of see invisible
 T - a ring of willpower
Wands
 i - a wand of mindburst (12)
 I - a wand of quicksilver (8)
 K - a wand of digging (6)
 W - a wand of polymorph (5)
 Z - a wand of flame (13)
Scrolls
 a - 3 scrolls of fog
 c - 3 scrolls of magic mapping
 d - 7 scrolls of enchant armour
 f - 4 scrolls of amnesia
 m - 4 scrolls of blinking
 n - 10 scrolls of teleportation
 p - 4 scrolls of vulnerability
 x - 5 scrolls of noise
 J - a scroll of fear
 N - 2 scrolls of enchant weapon
 U - 2 scrolls of torment
Potions
 b - 3 potions of magic
 e - 12 potions of heal wounds
 g - 2 potions of attraction
 l - 2 potions of berserk rage
 o - 9 potions of curing
 r - 13 potions of degeneration
 t - 9 potions of flight
 u - 3 potions of mutation
 v - a potion of lignification {unknown}
 B - 8 potions of might
 C - 2 potions of ambrosia
 D - 6 potions of haste
 G - 3 potions of cancellation {unknown}
 H - 2 potions of invisibility
 S - 6 potions of brilliance


   Skills:
 + Level 8.6 Fighting
 + Level 8.6 Short Blades
 + Level 8.6 Long Blades
 + Level 8.6 Axes
 + Level 8.6 Maces & Flails
 + Level 8.6 Polearms
 + Level 8.6 Staves
 + Level 8.6 Ranged Weapons
 + Level 8.6 Throwing
 + Level 8.6 Armour
 + Level 9.8 Dodging
 + Level 9.6 Stealth
 + Level 8.6 Shields
 + Level 8.6 Unarmed Combat
 + Level 10.0 Spellcasting
 + Level 7.1 Conjurations
 + Level 7.1 Hexes
 + Level 7.1 Summonings
 + Level 7.1 Necromancy
 + Level 7.1 Translocations
 + Level 7.1 Transmutations
 + Level 7.1 Fire Magic
 + Level 10.1 Ice Magic
 + Level 7.1 Air Magic
 + Level 7.1 Earth Magic
 + Level 7.1 Poison Magic
 + Level 9.4 Invocations
 + Level 8.6 Evocations


You had 22 spell levels left.
You knew the following spells:

 Your Spells              Type           Power      Damage    Failure   Level
b - Frozen Ramparts       Ice            100%       1d16      1%          3
c - Ozocubu's Armour      Ice            71%        N/A       1%          3
d - Summon Ice Beast      Ice/Summ       65%        N/A       5%          4

Your spell library contained the following spells:

 Spells                   Type           Power      Damage    Failure   Level
 Freeze                   Ice            100%       1d10      1%          1
 Tukima's Dance           Hex            59%        N/A       3%          3
 Passage of Golubria      Tloc           59%        N/A       10%         4
 Metabolic Englaciation   Hex/Ice        32%        N/A       14%         5
 Yara's Violent Unravell  Hex/Tmut       29%        3d12      26%         5
 Simulacrum               Ice/Necr       32%        N/A       63%         6
 Malign Gateway           Summ/Tloc      29%        N/A       100%        7
 Summon Horrible Things   Summ           29%        N/A       100%        8


Dungeon Overview and Level Annotations

Branches:
Dungeon (11/15)            Temple (1/1) D:6            Lair (3/5) D:9
  Swamp (0/4) Lair:3       Spider (0/4) Lair:2          Orc (0/2) D:10
  Sewer (visited)

Altars:
Ashenzari
Cheibriados
Dithmenos
Elyvilon
Fedhas
Gozag
Hepliaklqana
Kikubaaqudgha
Makhleb
Nemelex Xobeh
Okawaru
Qazlal
Ru
Sif Muna
Trog
Uskayaw
Vehumet
Wu Jian
Xom
Yredelemnul
Zin
The Shining One

Shops:
D:4 [?!(

Annotations:
D:5 1 runed translucent door, exclusion: phantom, Grinder; alexxx's ghost, amateur FeSu
D:8 Psyche
D:9 exclusion: 4 doors
Lair:2 !yaks
Lair:3 2 transporters, Peloso's ghost, journeyman MiFi


Innate Abilities, Weirdness & Mutations

You have very sharp teeth.
Your uncanny sense of smell can sniff out nearby items.
Your experience applies equally to all skills.


Message History

You are engulfed in spectral mist.
* * * LOW HITPOINT WARNING * * *
The ghost crab closely misses you. The ghost crab barely misses you.
The spectral seven-headed hydra barely misses you. x2
The spectral seven-headed hydra bites you but does no damage. x2
The spectral seven-headed hydra closely misses you.
The spectral seven-headed hydra completely misses you. x2
Your unstable footing causes you to fumble your attack.
You are engulfed in spectral mist.
* * * LOW HITPOINT WARNING * * *
The spectral polar bear barely misses you.
The spectral polar bear claws you.
* * * LOW HITPOINT WARNING * * *
You feel drained.
The spectral polar bear barely misses you.
The ghost crab breathes spectral mist at you.
The spectral mist engulfs you but does no damage.
The spectral seven-headed hydra barely misses you.
The spectral seven-headed hydra misses you.
The spectral seven-headed hydra bites you but does no damage. x2
The spectral seven-headed hydra barely misses you.
The spectral seven-headed hydra closely misses you.
The spectral seven-headed hydra barely misses you.
Your unstable footing causes you to fumble your attack.
You are engulfed in spectral mist.
The spectral polar bear closely misses you.
The spectral polar bear claws you but does no damage. x2
The ghost crab breathes spectral mist at you.
The spectral mist engulfs you but does no damage.
Unknown command.
Your unstable footing causes you to fumble your attack.
You are engulfed in spectral mist.
The spectral seven-headed hydra fades away!
The spectral polar bear bites you.
* * * LOW HITPOINT WARNING * * *
You feel drained.
The spectral polar bear closely misses you.
The spectral polar bear claws you but does no damage.
The ghost crab bites you!
You die...

#....................
#....................
#...♣....♣...........
#..♣♣Z~☼.♣♣..........
#.#♣♣○○..♣♣#......#.+
###♣♣.§..~♣##...####.
♣♣○°.♣~.♣♣#....###[
♣ZZ°♣♣♣..♣#...###..
♣♣@♣♣♣..♣♣#...# #..
♣tZ~..~♣ #...###..
♣ZZ§).♣♣##...P####
♣♣§°§§♣ #....##
♣§§§♣♣ #....#####
♣♣§§♣ ##.....#.##
♣§§♣ #.......... ♣♣♣♣
#.#####..## #.# ####


You could see a ghost crab, a spectral basilisk (summoned), a spectral black
mamba (summoned), a spectral death yak (summoned), 2 spectral polar bears and a
spectral dream sheep (summoned).

Vanquished Creatures
  Harold (D:10)
  2 hydras
  A ghost crab (Lair:3)
  A boulder beetle (Lair:3)
  2 two-headed ogres
  Nergalle (D:10)
  A fire crab (Lair:3)
  An orc knight (D:11)
  Pikel (D:6)
  A faun (shapeshifter) (D:9)
  An ugly thing (D:11)
  4 cyclopes
  3 black mambas
  2 torpor snails (Lair:2)
  3 cane toads
  A gargoyle (D:11)
  5 komodo dragons
  A rime drake (Lair:2)
  2 polar bears
  4 trolls
  Prince Ribbit (D:7)
  A spectral elephant (Lair:3)
  7 blink frogs
  2 dream sheep (Lair:1)
  24 yaks
  3 wyverns
  4 hogs (D:7)
  A human (D:7)
  Grum (D:8)
  A warg (D:11)
  3 steam dragons
  2 vampire mosquitoes (D:11)
  A spectral cane toad (Lair:3)
  Menkaure (D:6)
  Edmund (D:6)
  2 acid dragons
  9 water moccasins
  7 orc warriors
  3 ice beasts
  A swamp drake (D:10)
  3 black bears
  5 ogres
  7 wolves
  2 phantoms
  3 lemures (D:6)
  2 kobold brigands (D:8)
  Blork the orc (D:4)
  2 gnoll sergeants
  14 bullfrogs
  9 scorpions
  9 wights
  12 killer bees
  2 howler monkeys (D:11)
  2 electric eels (Lair:3)
  Crazy Yiuf (D:4)
  A hound (D:7)
  A jelly (D:8)
  6 orc priests
  A sleepcap (D:6)
  4 iguanas
  Jessica (D:2)
  2 gnoll boudas
  Natasha (thrice) (D:4)
  10 orc wizards
  18 gnolls
  5 adders
  3 river rats
  A shadow imp (D:7)
  3 white imps
  An ufetubus (D:7)
  4 worms
  4 dart slugs
  51 orcs
  10 ball pythons
  6 endoplasms
  4 giant cockroaches
  11 goblins
  8 hobgoblins
  10 jackals
  8 quokkas
  16 bats
  6 frilled lizards
  15 kobolds
  3 rats
  A fire vortex (Lair:1)
404 creatures vanquished.

Notes
Turn   | Place    | Note
-------+----------+-------------------------------------------
     0 | D:1      | MacCMillion the Gnoll Ice Elementalist began the quest for
                  | the Orb.
     0 | D:1      | Reached XP level 1. HP: 13/13 MP: 6/6
   292 | D:1      | Reached XP level 2. HP: 19/19 MP: 5/7
  1015 | D:1      | Reached skill level 5 in Spellcasting
  1015 | D:1      | Reached XP level 3. HP: 25/25 MP: 4/9
  1083 | D:1      | Learned a level 3 spell: Frozen Ramparts
  1087 | D:1      | Learned a level 3 spell: Ozocubu's Armour
  1359 | D:2      | Reached skill level 1 in Invocations
  1635 | D:2      | Noticed Jessica
  1644 | D:2      | Killed Jessica
  1645 | D:2      | Reached skill level 1 in Fighting
  1645 | D:2      | Reached skill level 1 in Short Blades
  1645 | D:2      | Reached skill level 1 in Long Blades
  1645 | D:2      | Reached skill level 1 in Axes
  1645 | D:2      | Reached skill level 1 in Maces & Flails
  1645 | D:2      | Reached skill level 1 in Polearms
  1645 | D:2      | Reached skill level 1 in Staves
  1645 | D:2      | Reached skill level 1 in Ranged Weapons
  1645 | D:2      | Reached skill level 1 in Throwing
  1645 | D:2      | Reached skill level 1 in Armour
  1645 | D:2      | Reached skill level 1 in Shields
  1645 | D:2      | Reached skill level 1 in Unarmed Combat
  1645 | D:2      | Reached skill level 1 in Evocations
  1645 | D:2      | Reached XP level 4. HP: 32/32 MP: 2/11
  2306 | D:3      | Reached skill level 1 in Conjurations
  2306 | D:3      | Reached skill level 1 in Hexes
  2306 | D:3      | Reached skill level 1 in Summonings
  2306 | D:3      | Reached skill level 1 in Necromancy
  2306 | D:3      | Reached skill level 1 in Translocations
  2306 | D:3      | Reached skill level 1 in Transmutations
  2306 | D:3      | Reached skill level 1 in Fire Magic
  2306 | D:3      | Reached skill level 1 in Air Magic
  2306 | D:3      | Reached skill level 1 in Earth Magic
  2306 | D:3      | Reached skill level 1 in Poison Magic
  3465 | D:3      | Found a faded altar of an unknown god.
  3697 | D:4      | Noticed a scorpion
  3697 | D:4      | Found Waoliosch's Antique Armour Shoppe.
  3701 | D:4      | Killed a scorpion
  3702 | D:4      | Reached XP level 5. HP: 37/37 MP: 5/12
  3754 | D:4      | Found Bedioth's Distillery.
  3774 | D:4      | Bought a potion of heal wounds for 55 gold pieces
  3779 | D:4      | Noticed Natasha
  3816 | D:4      | Noticed an ogre
  3840 | D:4      | Killed Natasha
  3915 | D:4      | Killed an ogre
  3916 | D:4      | Reached skill level 5 in Dodging
  3916 | D:4      | Reached XP level 6. HP: 44/44 MP: 2/14
  4152 | D:4      | Found Jiuguom's Magic Scroll Boutique.
  4180 | D:4      | Noticed Natasha
  4223 | D:4      | Killed Natasha
  4394 | D:4      | Noticed Natasha
  4399 | D:4      | Killed Natasha
  4475 | D:4      | Reached XP level 7. HP: 50/50 MP: 11/15
  4553 | D:4      | Found Xalujiph's Antique Weapon Emporium.
  4645 | D:4      | Reached skill level 5 in Stealth
  4735 | D:4      | Noticed Blork the orc
  4744 | D:4      | Killed Blork the orc
  5432 | D:4      | Reached XP level 8. HP: 58/58 MP: 8/16
  5687 | D:4      | Found a runed translucent door.
  5688 | D:4      | Noticed Crazy Yiuf
  5743 | D:4      | Killed Crazy Yiuf
  5844 | D:5      | Entered Level 5 of the Dungeon
  6333 | D:5      | Noticed Grinder
  7083 | D:5      | Found a runed translucent door.
  7084 | D:5      | Noticed alexxx's ghost (amateur FeSu)
  7364 | D:6      | Found a staircase to the Ecumenical Temple.
  7374 | Temple   | Entered the Ecumenical Temple
  7438 | Temple   | Became a worshipper of Cheibriados the Contemplative
  7472 | D:6      | Found a glowing drain.
  7507 | Sewer    | Entered a sewer
  8337 | Sewer    | Reached * piety under Cheibriados
  9445 | D:6      | Reached XP level 9. HP: 65/65 MP: 11/18
  9786 | D:6      | Noticed Pikel
  9805 | D:6      | Killed Pikel
  9908 | D:6      | Noticed Edmund
  9920 | D:6      | Killed Edmund
 10091 | D:6      | Noticed a troll
 10102 | D:6      | Killed a troll
 10103 | D:6      | Reached skill level 5 in Invocations
 10349 | D:6      | Reached ** piety under Cheibriados
 10634 | D:7      | Noticed Menkaure
 10642 | D:6      | Killed Menkaure
 11420 | D:7      | Found a shadowy altar of Dithmenos.
 11577 | D:7      | Reached skill level 5 in Fighting
 11577 | D:7      | Reached skill level 5 in Short Blades
 11577 | D:7      | Reached skill level 5 in Long Blades
 11577 | D:7      | Reached skill level 5 in Axes
 11577 | D:7      | Reached skill level 5 in Maces & Flails
 11577 | D:7      | Reached skill level 5 in Polearms
 11577 | D:7      | Reached skill level 5 in Staves
 11577 | D:7      | Reached skill level 5 in Ranged Weapons
 11577 | D:7      | Reached skill level 5 in Throwing
 11577 | D:7      | Reached skill level 5 in Armour
 11577 | D:7      | Reached skill level 5 in Shields
 11577 | D:7      | Reached skill level 5 in Unarmed Combat
 11577 | D:7      | Reached skill level 5 in Evocations
 11577 | D:7      | Reached XP level 10. HP: 67/74 MP: 13/20
 11642 | D:7      | Found an iron altar of Okawaru.
 11708 | D:7      | Reached *** piety under Cheibriados
 11798 | D:7      | Found a sparkling altar of Nemelex Xobeh.
 11799 | D:7      | Found an opulent altar of Gozag.
 12036 | D:7      | Found a white marble altar of Elyvilon.
 12128 | D:7      | Noticed Prince Ribbit
 12136 | D:7      | Killed Prince Ribbit
 12406 | D:8      | Noticed a two-headed ogre
 12413 | D:8      | Killed a two-headed ogre
 12616 | D:8      | Noticed Grum
 12628 | D:8      | Killed Grum
 12793 | D:8      | Reached **** piety under Cheibriados
 12865 | D:8      | Noticed Psyche
 12986 | D:8      | Reached skill level 5 in Conjurations
 12986 | D:8      | Reached skill level 5 in Hexes
 12986 | D:8      | Reached skill level 5 in Summonings
 12986 | D:8      | Reached skill level 5 in Necromancy
 12986 | D:8      | Reached skill level 5 in Translocations
 12986 | D:8      | Reached skill level 5 in Transmutations
 12986 | D:8      | Reached skill level 5 in Fire Magic
 12986 | D:8      | Reached skill level 5 in Air Magic
 12986 | D:8      | Reached skill level 5 in Earth Magic
 12986 | D:8      | Reached skill level 5 in Poison Magic
 12986 | D:8      | Reached XP level 11. HP: 80/81 MP: 16/22
 13061 | D:8      | Found a glowing silver altar of Zin.
 14126 | D:9      | Noticed a faun
 14136 | D:9      | Killed a faun
 14144 | D:9      | Reached ***** piety under Cheibriados
 14466 | D:9      | Noticed a cyclops
 14478 | D:9      | Killed a cyclops
 14519 | D:9      | Noticed a centaur warrior
 14519 | D:9      | Noticed a five-headed hydra
 14591 | D:9      | Learned a level 4 spell: Summon Ice Beast
 14591 | D:9      | Found a bloodstained altar of Trog.
 14734 | D:9      | Found a staircase to the Lair.
 14762 | D:9      | Identified the +2 pair of boots "Nallimoi" {rC+ Stlth+}
 15026 | D:10     | Entered Level 10 of the Dungeon
 15084 | D:10     | Noticed Nergalle
 15092 | D:10     | Killed Nergalle
 15197 | D:10     | Noticed a cyclops
 15210 | D:10     | Killed a cyclops
 15259 | D:10     | Identified the +6 dire flail "Fuicaiff" {venom, rElec rPois
                  | MP+9 Stlth+}
 15484 | D:10     | Noticed Harold
 15605 | D:10     | Killed Harold
 15749 | D:10     | Found a shimmering altar of Xom.
 15910 | D:10     | Found a staircase to the Orcish Mines.
 16240 | D:11     | Noticed an orc knight
 16250 | D:11     | Noticed a brown ugly thing
 16251 | D:11     | Reached XP level 12. HP: 60/91 MP: 24/24
 16864 | D:11     | Noticed a two-headed ogre
 16869 | D:11     | Killed a two-headed ogre
 17731 | Lair:1   | Entered Level 1 of the Lair of Beasts
 17772 | Lair:1   | Reached ****** piety under Cheibriados
 18797 | Lair:2   | Noticed a death yak
 18797 | Lair:2   | Noticed a death yak
 18798 | Lair:2   | Noticed a death yak
 18798 | Lair:2   | Noticed a death yak
 18798 | Lair:2   | Noticed a death yak
 18798 | Lair:2   | Noticed a death yak
 18807 | Lair:2   | Noticed a four-headed hydra
 18816 | Lair:2   | Killed a four-headed hydra
 19182 | Lair:2   | Found a hole to the Spider Nest.
 19245 | Lair:2   | Reached XP level 13. HP: 98/98 MP: 26/26
 19999 | Lair:3   | Reached skill level 10 in Ice Magic
 20630 | Lair:3   | Found a transporter.
 20657 | Lair:3   | Noticed Peloso's ghost (journeyman MiFi)
 20766 | Lair:3   | Found a transporter.
 21247 | Lair:3   | Reached skill level 10 in Spellcasting
 21626 | Lair:3   | Found a staircase to the Swamp.
 22183 | Lair:3   | Slain by a ghost crab

Illustrated notes

Levels and vault maps discovered:
D:1:      minmay_arrival_cross, layout_loops_ring,
          minmay_misc_feat_secret_circle
D:2:      layout_basic, serial_bayou_pond_e, uniq_jessica
D:3:      layout_basic, basic_ecumenical_altar
D:4:      layout_loops_ring, serial_forest, infiniplex_forest_lined_2,
          infiniplex_forest_clump_curved, infiniplex_forest_clump_long,
          infiniplex_forest_side_room, infiniplex_forest_lined_room_2,
          infiniplex_forest_straight_2, infiniplex_forest_diagonal,
          serial_shops, shop, nicolae_shop_hallway_plus, shop, shop,
          uniq_blork_the_orc, uniq_natasha, uniq_crazy_yiuf_cottage
D:5:      layout_rooms, ebering_ghost_reflecting_pool, minivault_14,
          uniq_grinder
D:6:      layout_basic, minmay_temple_entry_slanted,
          cheibrodos_sewer_entry_sluice, minivault_5, uniq_edmund, uniq_pikel
D:7:      layout_rooms, grunt_dithmenos_smoke_and_mirrors, elyvilon_altar_1,
          grunt_temple_overflow_opulence, okawaru_trees_1, grunt_livestock,
          grunt_ministairs_13, hangedman_abyss_or_decor_lesser_grid,
          uniq_prince_ribbit1, uniq_menkaure
D:8:      layout_loops_ring, zin_statuary, uniq_psyche, uniq_grum
D:9:      layout_basic, overflow_temple_1_default, lair_entry_dummy,
          nicolae_rejected_hall
D:10:     layout_roguey, tgw_xom, erik_orc_1, minivault_16, uniq_harold,
          uniq_nergalle
D:11:     layout_long_grid, grunt_potential
Temple:   compressed_dpeg_circular_temple
Lair:1:   layout_gridlike, dreamdust_gnoll_shepherd, grunt_megastairs_4
Lair:2:   layout_roguey, nicolae_spider_entry_non_spiders, grunt_megastairs_3,
          lemuel_fruit_tree
Lair:3:   layout_regular_city, nicolae_swamp_entry_spooky, nzn_ghost_randoct,
          infiniplex_staircase_pool

Skill      XL: |  1  2  3  4  5  6  7  8  9 10 11 12 13 |
---------------+----------------------------------------+-----
Spellcasting   | 5 6 7 8 9 10 | 10.0
Invocations    | 1 2 3 4 5 6 7 8 9 |  9.4
Fighting       | 1 2 3 5 6 7 8 |  8.6
Short Blades   | 1 2 3 5 6 7 8 |  8.6
Long Blades    | 1 2 3 5 6 7 8 |  8.6
Axes           | 1 2 3 5 6 7 8 |  8.6
Maces & Flails | 1 2 3 5 6 7 8 |  8.6
Polearms       | 1 2 3 5 6 7 8 |  8.6
Staves         | 1 2 3 5 6 7 8 |  8.6
Ranged Weapons | 1 2 3 5 6 7 8 |  8.6
Throwing       | 1 2 3 5 6 7 8 |  8.6
Armour         | 1 2 3 5 6 7 8 |  8.6
Shields        | 1 2 3 5 6 7 8 |  8.6
Unarmed Combat | 1 2 3 5 6 7 8 |  8.6
Evocations     | 1 2 3 5 6 7 8 |  8.6
Conjurations   | 1 2 3 4 5 6 7 |  7.1
Hexes          | 1 2 3 4 5 6 7 |  7.1
Summonings     | 1 2 3 4 5 6 7 |  7.1
Necromancy     | 1 2 3 4 5 6 7 |  7.1
Translocations | 1 2 3 4 5 6 7 |  7.1
Transmutations | 1 2 3 4 5 6 7 |  7.1
Fire Magic     | 1 2 3 4 5 6 7 |  7.1
Air Magic      | 1 2 3 4 5 6 7 |  7.1
Earth Magic    | 1 2 3 4 5 6 7 |  7.1
Poison Magic   | 1 2 3 4 5 6 7 |  7.1
Dodging        | 5 6 7 8 9 |  9.8
Stealth        | 5 6 7 8 9 |  9.6
Ice Magic      | 8 9 10 | 10.1

Action                     |  1- 3 |  4- 6 |  7- 9 | 10-12 | 13-15 || total
---------------------------+-------+-------+-------+-------+-------++-------
  Melee: Dagger            |    12 |    40 |   150 |       |       ||   202
         Unarmed           |     1 |       |       |       |       ||     1
         Bite              |     3 |     4 |    30 |    53 |    19 ||   109
         Punch             |       |       |     9 |    15 |       ||    24
         Short sword       |       |       |    49 |       |       ||    49
         Spear             |       |       |    67 |   299 |       ||   366
         Dire flail        |       |       |       |    74 |   130 ||   204
  Throw: Dart              |       |       |    10 |    15 |     7 ||    32
         Boomerang         |       |       |       |     2 |       ||     2
   Cast: Freeze            |    37 |    29 |    20 |       |       ||    86
         Frozen Ramparts   |     3 |    17 |    40 |    61 |     8 ||   129
         Ozocubu's Armour  |     1 |     8 |    34 |    38 |     4 ||    85
  Evoke: Wand              |       |       |       |       |     3 ||     3
    Use: Scroll            |       |     7 |     4 |     9 |     3 ||    23
         Potion            |       |       |     1 |     1 |       ||     2
   Stab: Sleeping          |     2 |    10 |     7 |     7 |     6 ||    32
         Distracted        |       |       |       |     1 |       ||     1
 Armour: Robe              |    12 |       |    15 |    55 |       ||    82
         Leather armour    |     1 |    21 |    83 |       |       ||   105
         Shadow dragon sca |       |       |       |    60 |   140 ||   200
  Dodge: Dodged            |    39 |    54 |   155 |   323 |   181 ||   752
